 Dungeon Crawl Stone Soup version 0.21-a0-471-gd587bd5 (webtiles) character file.

105 sagitran the Sneak (level 4, 0/21 HPs)
             Began as a Spriggan Enchanter on Nov 21, 2017.
             Slain by Natasha (10 damage)
             ... on level 3 of the Dungeon.
             The game lasted 00:11:28 (3257 turns).

sagitran the Sneak (Spriggan Enchanter)             Turns: 3257, Time: 00:11:28

Health: 0/21       AC:  2    Str:  3 (4)  XL:     4   Next: 53%
Magic:  9/9        EV: 19    Int: 16      God:
Gold:   144        SH:  0    Dex: 17      Spells: 2/8 levels left

rFire    . . .     SeeInvis +   a - +1 dagger
rCold    . . .     Gourm    .   (shield restricted)
rNeg     . . .     Faith    .   b - +0 robe
rPois    .         Spirit   .   (helmet restricted)
rElec    .         Reflect  .   (no cloak)
rCorr    .         Harm     .   (gloves unavailable)
MR       .....                  (boots unavailable)
Stlth    +++.......             (no amulet)
HPRegen  0.07/turn              (no ring)
MPRegen  0.11/turn              (no ring)

@: very quick
A: unfitting armour, talons 1, see invisible, deterioration 1, herbivore 3,
speed 3, slow metabolism 2
a: no special abilities


You were on level 3 of the Dungeon.
You were not hungry.

You visited 1 branch of the dungeon, and saw 3 of its levels.

You collected 144 gold pieces.

Inventory:

Hand Weapons
 a - a +1 dagger (weapon)
Missiles
 k - 126 stones (quivered)
Armour
 b - a +0 robe (worn)
Jewellery
 n - an uncursed ring of protection from cold {unknown}
Scrolls
 f - a scroll of fear
 j - a scroll of teleportation {unknown}
 l - a scroll of amnesia
 m - a scroll of remove curse
Potions
 e - a potion of curing
 g - a potion of degeneration {unknown}
 i - a potion of brilliance {unknown}
Books
 c - a book of Maledictions

   Spells                             Type                      Level
   a - Corona                         Hexes                        1
   b - Ensorcelled Hibernation        Hexes/Ice                    2
   c - Confuse                        Hexes                        3
   d - Tukima's Dance                 Hexes                        3
   e - Dazzling Spray                 Conjuration/Hexes            3
Comestibles
 d - 2 bread rations


   Skills:
 + Level 0.2 Fighting
 + Level 2.3 Short Blades
 + Level 3.9 Dodging
 + Level 6.3 Stealth
 + Level 2.9 Spellcasting
 + Level 4.1 Hexes


You had 2 spell levels left.
You knew the following spells:

 Your Spells              Type           Power        Failure   Level  Hunger
a - Corona                Hex            ###....      3%          1    #......
b - Ensorcelled Hibernat  Hex/Ice        #.....       12%         2    ##.....
c - Dazzling Spray        Conj/Hex       #.....       24%         3    ###....


Dungeon Overview and Level Annotations

Branches:
Dungeon (3/15)

Altars:

Annotations:
D:3 Natasha


Innate Abilities, Weirdness & Mutations

You are very small and have problems with some larger weapons.
You are too small for most types of armour.
You have supernaturally acute eyesight. (SInv)
You are a herbivore.
You cover ground extremely quickly.
You need consume almost no food.
You have sharp toenails.
Your body sometimes deteriorates upon taking damage.


Message History

You hit Natasha but do no damage. You claw Natasha.
Natasha is moderately wounded.
Natasha barely misses you.
You hit Natasha.
Natasha is moderately wounded.
Natasha completely misses you.
You hit Natasha but do no damage.
Natasha is moderately wounded.
Natasha stares at you and mumbles some strange words.
The magic dart hits you!
* * * LOW HITPOINT WARNING * * *
Your body deteriorates!
You feel weakened.
You feel better. Natasha misses you.
You closely miss Natasha.
Natasha is moderately wounded.
Natasha barely misses you.
You hit Natasha.
Natasha is heavily wounded.
Natasha claws you!
You die...

.# .# #.# .#
#.# S# #.# .#
#.####### .#
#........ .#
#........ .#
#h....... .#
#@....... .#
#........ .#
#....g... .#
######.#######
.# #...##.# .#
#...##.# .#
#...##.# .#
#...##.# +##
#......#


You could see Natasha and a hobgoblin (sleeping).

Vanquished Creatures
  Terence (D:3)
  An adder (D:2)
  2 oozes (D:2)
  A worm (D:2)
  2 dart slugs
  3 ball pythons (D:1)
  3 giant cockroaches
  9 goblins
  7 hobgoblins
  5 jackals (D:1)
  A quokka (D:2)
  6 bats
  3 frilled lizards
  5 kobolds
  4 rats
53 creatures vanquished.

Notes
Turn   | Place    | Note
-------+----------+-------------------------------------------
     0 | D:1      | sagitran the Spriggan Enchanter began the quest for the Orb.
     0 | D:1      | Reached XP level 1. HP: 9/9 MP: 5/5
   419 | D:1      | Reached XP level 2. HP: 5/13 MP: 6/6
  1088 | D:1      | Reached skill level 5 in Stealth
  1421 | D:1      | Reached XP level 3. HP: 15/16 MP: 8/8
  1492 | D:1      | Gained mutation: Your body sometimes deteriorates upon taking damage. [potion of mutation]
  1492 | D:1      | Gained mutation: You have sharp toenails. [potion of mutation]
  2450 | D:2      | Learned a level 2 spell: Ensorcelled Hibernation
  2454 | D:2      | Learned a level 3 spell: Dazzling Spray
  2760 | D:2      | Reached XP level 4. HP: 21/21 MP: 5/9
  3026 | D:3      | Noticed Terence
  3033 | D:3      | Killed Terence
  3033 | D:3      | Reached skill level 6 in Stealth
  3242 | D:3      | Noticed Natasha
  3257 | D:3      | Slain by Natasha

Vault maps used:
D:1:      sevenhm_arrival_forest_fort_large_1
D:2:      first_bread
D:3:      grunt_temple_overflow_opulence, serial_glass, glass_columns_b,
          glass_columns_a, lemuel_old_faithful, uniq_natasha, uniq_terence,
          uniq_crazy_yiuf_cottage

Skill      XL: |  1  2  3  4 |
---------------+-------------+-----
Hexes          | 4 |  4.1
Stealth        | 5 6 |  6.3
Short Blades   | 2 |  2.3
Fighting       | |  0.2
Dodging        | |  3.9
Spellcasting   | |  2.9

Action                   |  1- 3 |  4- 6 || total
-------------------------+-------+-------++-------
Melee: Dagger            |   225 |    23 ||   248
       Kick              |    19 |     3 ||    22
 Cast: Dazzling Spray    |     1 |       ||     1
       Ensorcelled Hiber |       |     1 ||     1
  Use: Scroll            |     4 |     1 ||     5
       Potion            |     2 |     1 ||     3
 Stab: Sleeping          |    12 |     4 ||    16
  Eat: Royal jelly       |       |     1 ||     1
Armor: Robe              |    16 |       ||    16
Dodge: Dodged            |   206 |    13 ||   219

Table legend:
 A = Spawn XP
 B = Non-spawn XP
 C = Spawn XP percentage of total XP
 D = Spawn monster count
 E = Non-spawn monster count
 F = Spawn count percentage of total count
 G = Total turns spent on level
                    A         B        C        D         E        F      G
               +---------+---------+-------+---------+---------+-------+---------
         Total |       0 |     150 |   0.0 |       0 |      53 |   0.0 |  3257
               +---------+---------+-------+---------+---------+-------+---------
           D:1 |       0 |      56 |   0.0 |       0 |      33 |   0.0 |  2093
           D:2 |       0 |      51 |   0.0 |       0 |      15 |   0.0 |   915
           D:3 |       0 |      43 |   0.0 |       0 |       5 |   0.0 |   249
               +---------+---------+-------+---------+---------+-------+---------
